 Dungeon Crawl Stone Soup version 0.32-a0-571-gec57dfcd37 (webtiles) character file.

Game seed: 16682405940786185651

5719 Maxmaps the Basher (level 10, -4/76 HPs)
             Began as a Demonspawn Monk on Feb 29, 2024.
             Was an Initiate of Gozag.
             Slain by a rust devil (6 damage)
             ... on level 9 of the Dungeon.
             The game lasted 00:14:27 (8989 turns).

Maxmaps the Basher (Demonspawn Monk)                Turns: 8989, Time: 00:14:27

Health: -4/76      AC:  1    Str: 11    XL:     10   Next: 48%
Magic:  10/10      EV:  8    Int: 15    God:    Gozag
Gold:   766        SH:  0    Dex: 16    Spells: 9/9 levels left

rFire   . . .        s - +0 whip (elec)
rCold   . . .        c - orb {light}
rNeg    . . .        x - +0 chain mail
rPois   .            (helmet restricted)
rElec   .            w - scarf {+Inv}
rCorr   .            a - +0 pair of gloves
SInv    .            h - +0 pair of boots
Will    .....        p - amulet of magic regeneration Stlth
                     (no ring)
HPRegen 0.32/turn    (no ring)
MPRegen 0.52/turn

%: no passive effects
@: corroded, on berserk cooldown, slowed, glowing, very slow
A: antennae 2, molten scales 1, demonic guardian 1, spiny 1, hooves 1
a: Renounce Religion, Evoke Invisibility, Potion Petition, Call Merchant, Bribe
Branch


You were on level 9 of the Dungeon.
You worshipped Gozag.
Gozag was pleased with you.
You visited 2 branches of the dungeon, and saw 10 of its levels.

You collected 996 gold pieces.
You paid 230 gold pieces to Gozag.

Inventory:

Hand Weapons
 s - a +0 whip of electrocution (weapon)
Missiles
 g - 2 throwing nets (quivered)
Armour
 a - a +0 pair of gloves (worn)
 c - an orb of light (worn)
 h - a +0 pair of boots (worn)
 w - a scarf of invisibility (worn)
 x - a +0 chain mail (worn)
 y - a +0 kite shield
Jewellery
 p - an amulet of magic regeneration (around neck)
Wands
 l - a wand of mindburst (20)
 n - a wand of charming (5)
 o - a wand of iceblast (6)
 v - a wand of flame (12)
Scrolls
 d - a scroll of silence
 f - 2 scrolls of identify
 i - 3 scrolls of vulnerability
 j - a scroll of noise
 k - a scroll of immolation
 B - a scroll of poison
 C - a scroll of fog {unknown}
Potions
 b - 2 potions of ambrosia
 e - a potion of mutation
 m - 2 potions of invisibility
 q - 2 potions of curing
 r - a potion of cancellation
 t - a potion of lignification
 u - a potion of haste
 z - a potion of enlightenment
 A - a potion of might


   Skills:
 - Level 6.0 Fighting
 + Level 10.5 Maces & Flails
 - Level 3.0 Armour
 - Level 6.7 Dodging
 - Level 5.3 Stealth
 - Level 3.1 Unarmed Combat


You had 9 spell levels left.
You didn't know any spells.
Your spell library contained the following spells:

 Spells                   Type           Power      Damage    Failure   Level
 Sting                    Conj/Alch      0%         1d3       100%        1
 Summon Small Mammal      Summ           0%         N/A       100%        1
 Mercury Vapours          Alch/Air       0%         N/A       100%        2
 Call Canine Familiar     Summ           0%         N/A       100%        3
 Olgreb's Toxic Radiance  Alch           0%         N/A       100%        4
 Summon Blazeheart Golem  Fire/Summ      0%         N/A       100%        4


Dungeon Overview and Level Annotations

Branches:
Dungeon (9/15)             Temple (1/1) D:4
   Lair: D:8-11         Orc: D:9-12

Altars:
Ashenzari
Cheibriados
Dithmenos
Fedhas
Gozag
Hepliaklqana
Kikubaaqudgha
Makhleb
Okawaru
Qazlal
Ru
Sif Muna
Trog
Uskayaw
Vehumet
Wu Jian
Xom
Yredelemnul

Shops:
D:4 =   D:8 :


Innate Abilities, Weirdness & Mutations

You have a pair of antennae on your head.
You are partially covered in molten scales. (AC +2)
A weak demonic guardian rushes to your aid.
You are partially covered in sharp spines.
You have large cloven feet.


Message History

17 gold pieces; a +0 giant club; a +0 giant spiked club Unknown command.
You hit the rust devil.
The rust devil is no longer distracted by gold.
The rust devil is lightly wounded.
The rust devil hits you. The rust devil corrodes you!
You hit the rust devil.
The rust devil is lightly wounded.
You are no longer berserk.
You are exhausted.
You feel as though you will be slow longer.
You hit the rust devil.
The rust devil is lightly wounded.
The rust devil hits you. The rust devil corrodes you!
Unknown command.
You hit the rust devil but do no damage.
The rust devil is lightly wounded.
The rust devil hits you!
* * * LOW HITPOINT WARNING * * *
The rust devil corrodes you!
You hit the rust devil but do no damage.
The rust devil is lightly wounded.
The rust devil completely misses you.
You hit the rust devil but do no damage.
The rust devil is lightly wounded.
The rust devil hits you!
* * * LOW HITPOINT WARNING * * *
A demonic guardian appears!
The rust devil corrodes you!
Unknown command.
You hit the rust devil but do no damage.
The rust devil is lightly wounded.
The rust devil is struck by your spines.
The rust devil hits you!
* * * LOW HITPOINT WARNING * * *
The rust devil corrodes you!
You hit the rust devil but do no damage.
The rust devil is lightly wounded.
The rust devil hits you.
You die...
Your body crumbles into a pile of gold.

#......≈≈≈≈
########.......≈≈≈
..................
..................
######...(........
#..########## #
#..########
....##########..........
........5@4.............
###########...##########
#...# ########...#
...........############
.......................
#######................
#................
#................


You could see a rust devil (ally target) and a friendly white imp (summoned).

Vanquished Creatures
  A two-headed ogre (D:9)
  An ugly thing (D:7)
  A wyvern (D:9)
  2 wraiths (D:9)
  2 water moccasins
  An acid dragon (D:8)
  A sky beast (D:4)
  A black bear (D:5)
  An orc warrior (D:9)
  2 ice beasts
  3 centaurs
  3 phantoms
  2 bullfrogs
  3 kobold brigands
  A gnoll sergeant (D:8)
  3 scorpions
  11 wights
  A bombardier beetle (D:7)
  A crimson imp (D:8)
  3 hounds
  2 orc priests
  An iguana (D:6)
  2 sleepcaps
  Ijyb (D:5)
  3 orc wizards
  Robin (D:3)
  6 adders
  4 gnolls
  A white imp (D:6)
  2 ufetubi (D:7)
  14 orcs
  3 bats
  10 endoplasms
  2 giant cockroaches
  18 goblins
  12 hobgoblins
  22 kobolds
  A quokka (D:1)
  7 ball pythons
  2 frilled lizards (D:1)
  8 rats
166 creatures vanquished.

Vanquished Creatures (collateral kills)
  A two-headed ogre (D:8)
  Grinder (D:5)
  Prince Ribbit (D:5)
  A sky beast (D:5)
  A scorpion (D:3)
  A hound (D:4)
  An orc priest (D:6)
  An iguana (D:4)
  Terence (D:3)
  2 orc wizards
  2 orcs
13 creatures vanquished.

Grand Total: 179 creatures vanquished

Notes
Turn   | Place    | Note
-------+----------+-------------------------------------------
     0 | D:1      | Maxmaps the Demonspawn Monk began the quest for the Orb.
     0 | D:1      | Reached XP level 1. HP: 18/18 MP: 1/1
    31 | D:1      | Found a faded altar of an unknown god.
   214 | D:1      | Gained mutation: You are partially covered in molten
                  | scales. (AC +2) [demonic ancestry]
   214 | D:1      | Reached XP level 2. HP: 21/24 MP: 2/2
   723 | D:1      | Gained mutation: A weak demonic guardian rushes to your
                  | aid. [demonic ancestry]
   723 | D:1      | Reached XP level 3. HP: 29/29 MP: 3/3
  1155 | D:2      | Reached XP level 4. HP: 28/35 MP: 4/4
  1675 | D:3      | Noticed a phantom
  1677 | D:3      | Noticed Terence
  1694 | D:3      | Gained mutation: You have large cloven feet. [potion of
                  | mutation]
  1696 | D:3      | Reached skill level 1 in Armour
  1704 | D:3      | Killed a phantom
  1705 | D:3      | Reached XP level 5. HP: 35/41 MP: 5/5
  1718 | D:3      | Killed Terence
  2060 | D:3      | Reached skill level 1 in Stealth
  2185 | D:3      | Noticed Robin
  2209 | D:3      | Killed Robin
  2318 | D:3      | Found a hazy altar of Hepliaklqana.
  2540 | D:3      | Found a shadowy altar of Dithmenos.
  2676 | D:4      | Noticed a phantom
  2693 | D:3      | Gained mutation: You have a pair of small antennae on your
                  | head. [demonic ancestry]
  2693 | D:3      | Reached XP level 6. HP: 15/47 MP: 6/6
  2983 | D:4      | Found a staircase to the Ecumenical Temple.
  3003 | Temple   | Entered the Ecumenical Temple
  3348 | D:4      | Found a stormy altar of Qazlal.
  3348 | D:4      | Noticed a sky beast
  3372 | D:4      | Killed a sky beast
  3373 | D:4      | Reached skill level 5 in Stealth
  3373 | D:4      | Reached XP level 7. HP: 25/52 MP: 7/7
  3499 | D:4      | Found Zedaut's Jewellery Shop.
  3716 | D:5      | Entered Level 5 of the Dungeon
  4050 | D:5      | Noticed Prince Ribbit
  4420 | D:5      | Noticed Grinder
  4442 | D:5      | Killed Grinder
  4443 | D:5      | Reached skill level 5 in Fighting
  4443 | D:5      | Gained mutation: You have a pair of antennae on your head.
                  | [demonic ancestry]
  4443 | D:5      | Reached XP level 8. HP: 62/64 MP: 8/8
  4602 | D:5      | Noticed Ijyb
  4907 | D:5      | Reached skill level 5 in Dodging
  4935 | D:5      | HP: 3/64 [Prince Ribbit (9)]
  4943 | D:5      | Killed Prince Ribbit
  5172 | D:5      | Killed Ijyb
  5621 | D:6      | Found an opulent altar of Gozag.
  5676 | D:6      | Became a worshipper of Gozag Ym Sagoz the Greedy
  5798 | D:6      | Reached skill level 2 in Maces & Flails
  5824 | D:6      | Reached skill level 3 in Maces & Flails
  6114 | D:6      | Found an iron altar of Okawaru.
  6214 | D:6      | Gained mutation: You are partially covered in sharp spines.
                  | [demonic ancestry]
  6214 | D:6      | Reached XP level 9. HP: 64/69 MP: 9/9
  6255 | D:6      | Reached skill level 4 in Maces & Flails
  6582 | D:7      | Noticed a purple ugly thing
  6592 | D:7      | Killed a purple ugly thing
  6593 | D:7      | Reached skill level 6 in Maces & Flails
  6879 | D:7      | Found a broken altar of Ashenzari.
  7533 | D:8      | Reached skill level 7 in Maces & Flails
  7948 | D:8      | Reached skill level 8 in Maces & Flails
  8123 | D:8      | Reached XP level 10. HP: 54/76 MP: 10/10
  8207 | D:8      | Found Rastuec's Tremendous Tomes.
  8370 | D:8      | Noticed a two-headed ogre
  8381 | D:8      | Killed a two-headed ogre
  8382 | D:8      | Reached skill level 9 in Maces & Flails
  8602 | D:8      | Found a burning altar of Makhleb.
  8638 | D:9      | Found a bloodstained altar of Trog.
  8935 | D:9      | Noticed a two-headed ogre
  8950 | D:9      | Noticed a rust devil
  8973 | D:9      | Reached skill level 10 in Maces & Flails
  8980 | D:9      | Killed a two-headed ogre
  8988 | D:9      | HP: 1/76 [rust devil (9)]
  8989 | D:9      | Slain by a rust devil

Illustrated notes

Levels and vault maps discovered:
D:1:      mrwooster_arrival_arrow, layout_basic, shapermc_ecumenical_altar_venn,
          dk_noncrumbling_2
D:2:      cheibrodos_old_hovel, layout_basic
D:3:      layout_loops_corners, grunt_dithmenos_smoke,
          mainiacjoe_overflow_small_starburst, uniq_robin, uniq_terence
D:4:      layout_cave_pools, nicolae_qazlal_beasts_of_the_sky,
          minmay_temple_entry_purple_smoke, serial_shops, shop_fountains
D:5:      layout_basic, st_stairs_3, minivault_26, minmay_misc_feat_rows,
          uniq_ijyb, uniq_grinder, uniq_prince_ribbit1
D:6:      layout_basic, marbit_many_paths, mainiacjoe_overflow_surrounded_room
D:7:      layout_cave_pods, mainiacjoe_overflow_concentric_impassable,
          elyvilon_altar_5
D:8:      layout_rooms, makhleb_grotto_becter, serial_glass, glass_columns_b,
          glass_columns_a, item_on_display_a, item_on_display_a,
          nicolae_shop_i_like_big_books, reono_crystal_passage
D:9:      layout_long_grid, mainiacjoe_overflow_catwalk, serial_demonic,
          serial_demonic_f, serial_demonic_c, serial_demonic_d,
          serial_demonic_g, enter_bailey_2
Temple:   hellmonk_temple_flake

Skill      XL: |  1  2  3  4  5  6  7  8  9 10 |
---------------+-------------------------------+-----
Unarmed Combat | 3 |  3.1
Dodging        | 3 4 6 |  6.7
Armour         | 2 3 |  3.0
Stealth        | 2 5 |  5.3
Fighting       | 5 6 |  6.0
Maces & Flails | 3 8 10 | 10.5

Action                     |  1- 3 |  4- 6 |  7- 9 | 10-12 || total
---------------------------+-------+-------+-------+-------++-------
  Melee: Unarmed           |   118 |   276 |   205 |       ||   599
         Kick              |       |    77 |    34 |       ||   111
         Punch             |       |     6 |       |       ||     6
         Whip              |       |       |   191 |    64 ||   255
 Invoke: Potion Petition   |       |       |       |     1 ||     1
    Use: Potion            |       |     4 |     2 |       ||     6
         Scroll            |       |     7 |    11 |       ||    18
   Stab: Distracted        |       |     1 |     1 |       ||     2
 Armour: Robe              |    14 |       |       |       ||    14
         Ring mail         |    52 |   185 |   183 |       ||   420
         Chain mail        |       |       |    76 |    57 ||   133
  Dodge: Dodged            |    60 |   178 |   204 |    21 ||   463

Table legend: (Time is in decaauts)
 A = Elapsed time spent in this place.
 B = Non-inter-level travel time spent in this place.
 C = Inter-level travel time spent in this place.
 D = Time resting spent in this place.
 E = Time spent auto-exploring this place.
 F = Levels seen in this place.
 G = Mean time per level.
                   A        B        C        D        E       F      G
               +--------+--------+--------+--------+--------+-----+--------+
         Total |   8911 |   8480 |    431 |   1758 |   5011 |  10 |  891.1 |
       Dungeon |   8908 |   8477 |    431 |   1758 |   5011 |   9 |  989.8 |
        Temple |      3 |      3 |      0 |      0 |      0 |   1 |    3.0 |
               +--------+--------+--------+--------+--------+-----+--------+

Top non-repeatable levels by time:
     D:5: 1495 daAuts
     D:4: 1230 daAuts
     D:3: 1202 daAuts
     D:7: 1165 daAuts
     D:6: 1002 daAuts
     D:1: 893 daAuts
     D:8: 862 daAuts
     D:2: 720 daAuts
     D:9: 335 daAuts
  Temple: 3 daAuts
